 Zot Defence DCSS version 0.15-a0-2102-gacb6860 (webtiles) character file.

3627 N00bl0rd the Chopper (level 10, 0/46 (61) HPs)
             Began as a Gargoyle Fighter on July 15, 2014.
             Was a Believer of Okawaru.
             Rotted away (a wind drake)
             ... in the Realm of Zot (Scenario I: Hall of Zot).
             The game lasted 00:09:35 (1413 turns).

N00bl0rd the Chopper (Gargoyle Fighter)             Turns: 1413, Time: 00:09:35

HP   0/46 (61)   AC 14     Str 23      XL: 10   Next: 11%
MP  10/10        EV  7     Int  9      God: Okawaru [**....]
Gold 0           SH 12     Dex  9      Spells:  0 memorised,  9 levels left

rFire  . . .     SeeInvis .     a - +0 war axe
rCold  . . .     Clarity  .     b - +0 scale mail
rNeg   + . .     rCorr    .     l - +2 shield
rPois  +         rRot     +     (no helmet)
rElec  +         Spirit   .     (no cloak)
SustAb .         Warding  .     (no gloves)
rMut   .         Stasis   .     (no boots)
Gourm  .                        (no amulet)
MR     .....                    (no ring)
                                (no ring)

@: not resistant to hostile enchantments, extremely unstealthy
A: negative energy resistance 1, electricity resistance, unbreathing,
petrification resistance, rot immunity, AC +7
a: Make oklob sapling, Make arrow trap, Make plant, Remove Curse, Make burning
bush, Make altar, Make grenades, Make oklob plant, Make net trap, Make ice
statue, Make spear trap, Heroism, Renounce Religion


You were in the Realm of Zot.
You worshipped Okawaru.
Okawaru was pleased with you.
You were not hungry.

You visited 1 branch

Inventory:

Hand weapons
 a - a +0 war axe (weapon)
Armour
 b - a +0 scale mail (worn)
 l - a +2 shield (worn)
Comestibles
 f - a bread ration
Scrolls
 k - a scroll of blinking
Potions
 d - 3 potions of curing
 e - a potion of might
 g - a potion of heal wounds
 h - a potion of haste
 i - 2 potions of magic
 j - a potion of berserk rage


   Skills:
 + Level 6.8 Fighting
 * Level 7.1 Axes
 + Level 6.7 Armour
 * Level 6.1 Dodging
 + Level 6.8 Shields


You had 9 spell levels left.
You didn't know any spells.

Dungeon Overview and Level Annotations

Branches:
    Zot (1/1)

Altars:
Okawaru


Innate Abilities, Weirdness & Mutations

You are resistant to torment.
You are immune to poison.
Your stone body is very resilient (AC +7).
You resist negative energy.
You are resistant to electric shocks.
You can survive without breathing.
You are immune to petrification.
You are immune to rotting.


Message History

The gnoll shaman is heavily wounded.
Your flesh rots away as the Orb of Zot is desecrated.
* * * LOW HITPOINT WARNING * * *
You hit the wind drake.
Your flesh rots away as the Orb of Zot is desecrated.
* * * LOW HITPOINT WARNING * * *
Your flesh rots away as the Orb of Zot is desecrated.
* * * LOW HITPOINT WARNING * * *
The wind drake is lightly wounded.
You closely miss the vampire mosquito.
Your flesh rots away as the Orb of Zot is desecrated.
* * * LOW HITPOINT WARNING * * *
The vampire mosquito bites you!
* * * LOW HITPOINT WARNING * * *
You block the gnoll shaman's attack.
The vampire mosquito bites you but does no damage.
Your flesh rots away as the Orb of Zot is desecrated.
* * * LOW HITPOINT WARNING * * *
Your flesh rots away as the Orb of Zot is desecrated.
You die...

....▓▓▓▓ ▓▓▓▓.... .......▓▓▓
▓▓▓....... .........▓▓
▓▓......... ..........▓ ▓▓▓▓▓▓▓▓▓
▓..........
..........▓▓▓..)P...▓▓▓..........
..........▓▓...)))...▓▓..........
..........▓....)))....▓..........
..........)%))))kg.)).)..........
.........)▓....)@.....▓).........
..........▓▓...y)....▓▓..........
..........▓▓▓...8...▓▓▓..........
..........# ▓▓▓▓▓▓▓▓▓ #..........
.........## ##.........
.......### ###....... ....####
####.... ######### #########
........### ###........


You could see a wind drake, a vampire mosquito, a gnoll shaman, a friendly ice
statue and a friendly oklob plant.

Vanquished Creatures
  An ogre mage (Zot)
  A yak (Zot)
  2 black bears (Zot)
  An ogre (Zot)
  A phantom (Zot)
  2 giant frogs (Zot)
  2 worker ants (Zot)
  2 orc wizards (Zot)
  An iguana (Zot)
  3 sheep (Zot)
  2 adders (Zot)
  2 worms (Zot)
  A giant gecko (Zot)
  3 oozes (Zot)
  7 orcs (Zot)
  5 bats (Zot)
  2 giant cockroaches (Zot)
  4 hobgoblins (Zot)
  2 ball pythons (Zot)
  6 goblins (Zot)
  9 kobolds (Zot)
  6 rats (Zot)
65 creatures vanquished.

Vanquished Creatures (collateral kills)
  A phantom (Zot)
  A black bear (Zot)
  A gnoll sergeant (Zot)
  A giant frog (Zot)
  3 orc wizards (Zot)
  3 iguanas (Zot)
  A hound skeleton (Zot)
  2 sheep (Zot)
  6 adders (Zot)
  A green rat (Zot)
  A gnoll (Zot)
  An ooze (Zot)
  10 orcs (Zot)
  2 bats (Zot)
  A giant cockroach (Zot)
  3 hobgoblins (Zot)
  A jackal (Zot)
  6 quokkas (Zot)
  3 ball pythons (Zot)
  A giant newt (Zot)
  4 goblins (Zot)
  11 kobolds (Zot)
  7 rats (Zot)
71 creatures vanquished.

Vanquished Creatures (others)
  An oklob sapling (Zot)
1 creature vanquished.

Grand Total: 137 creatures vanquished

Notes
Turn   | Place    | Note
--------------------------------------------------------------
     0 | Zot      | N00bl0rd, the Gargoyle Fighter, began the quest for the Orb.
     0 | Zot      | Reached XP level 1. HP: 14/14 MP: 1/1
   217 | Zot      | Reached XP level 2. HP: 13/19 MP: 2/2
   230 | Zot      | Noticed Sasaos
   244 | Zot      | Killed Sasaos the black bear
   244 | Zot      | Reached skill level 4 in Fighting
   244 | Zot      | Reached XP level 3. HP: 1/24 MP: 3/3
   244 | Zot      | Reached XP level 4. HP: 1/29 MP: 4/4
   244 | Zot      | Reached XP level 5. HP: 1/33 MP: 5/5
   337 | Zot      | Reached XP level 6. HP: 12/38 MP: 6/6
   343 | Zot      | Became a worshipper of Warmaster Okawaru
   611 | Zot      | Acquired Okawaru's first power
   611 | Zot      | Reached XP level 7. HP: 40/44 MP: 7/7
   837 | Zot      | Noticed Luamaen
   868 | Zot      | Killed Luamaen the ogre mage
   868 | Zot      | Reached skill level 6 in Fighting
   868 | Zot      | Reached skill level 5 in Armour
   868 | Zot      | Reached skill level 5 in Dodging
   868 | Zot      | Reached skill level 5 in Shields
   868 | Zot      | Reached XP level 8. HP: 8/51 MP: 8/8
   868 | Zot      | Reached XP level 9. HP: 8/55 MP: 9/9
  1317 | Zot      | Reached XP level 10. HP: 22/54 MP: 10/10
  1326 | Zot      | Reached skill level 7 in Axes
  1413 | Zot      | HP: 2/47 [vampire mosquito (7)]
  1413 | Zot      | Rotted away (a wind drake)

Action                   |  1- 3 |  4- 6 |  7- 9 | 10-12 || total
-------------------------+-------+-------+-------+-------++-------
Melee: War axe           |    40 |    51 |   114 |    18 ||   223
 Abil: Make oklob saplin |     1 |       |       |       ||     1
       Make altar        |       |     1 |       |       ||     1
       Make oklob plant  |       |       |     1 |       ||     1
       Make ice statue   |       |       |       |     1 ||     1
 Stab: Distracted        |     1 |       |     1 |       ||     2
       Fleeing           |       |       |     1 |       ||     1
